 Dungeon Crawl Stone Soup version 0.18-a0-27-g1f73fa3 (webtiles) character file.

80 Ordine the Slasher (level 4, 4/31 HPs)
             Began as a High Elf Skald on Nov 4, 2015.
             Quit the game on level 2 of the Dungeon.
             The game lasted 00:05:13 (2019 turns).

Ordine the Slasher (High Elf Skald)                 Turns: 2019, Time: 00:05:13

Health: 4/31       AC:  7    Str: 11    XL:     4   Next: 18%
Magic:  8/8        EV: 14    Int: 22    God:
Gold:   77         SH:  0    Dex: 19    Spells: 3 memorised, 2 levels left

rFire  . . .     SeeInvis .     a - +0 falchion
rCold  . . .     Clarity  .     j - +0 scale mail
rNeg   . . .     SustAt   .     (no shield)
rPois  .         Gourm    .     l - +0 helmet
rElec  .         Spirit   .     (no cloak)
rCorr  .         Warding  .     (no gloves)
rMut   .         Stasis   .     (no boots)
MR     .....                    (no amulet)
Stlth  +.........               (no ring)
                                (no ring)

@: confused, brilliant, agile, lethally poisoned (4 -> -12), infused (expiring),
very slightly contaminated, not resistant to hostile enchantments, very
unstealthy
A: no striking features
a: no special abilities


You were on level 2 of the Dungeon.
You were not hungry.

You visited 1 branch of the dungeon, and saw 2 of its levels.

You collected 77 gold pieces.

Inventory:

Hand Weapons
 a - a +0 falchion (weapon)
Armour
 b - a +0 leather armour
 j - a +0 scale mail (worn)
 l - a +0 helmet (worn)
Potions
 f - a potion of agility
Books
 c - a book of Battle

   Spells                             Type                      Level
   a - Infusion                       Charms                       1
   b - Shroud of Golubria             Charms/Translocation         2
   c - Song of Slaying                Charms                       2
   d - Spectral Weapon                Hexes/Charms                 3
   e - Regeneration                   Charms/Necromancy            3
Comestibles
 d - 2 bread rations
 i - a beef jerky


   Skills:
 + Level 3.3 Fighting
 * Level 4.3 Long Blades
 - Level 0.8 Armour
 - Level 1.1 Dodging
 - Level 2.4 Spellcasting
 - Level 3.6 Charms


You had 2 spell levels left.
You knew the following spells:

 Your Spells              Type           Power        Failure   Level  Hunger
a - Infusion              Chrm           ####..       2%          1    None
b - Song of Slaying       Chrm           ####....     3%          2    ##.....
c - Shroud of Golubria    Chrm/Tloc      ###.......   12%         2    ##.....


Dungeon Overview and Level Annotations

Branches:
Dungeon (2/15)

Altars:

Annotations:
D:2 Sigmund


Message History

Your magical infusion is running out.
Something hits you.
You are poisoned.
You closely miss something.
You feel sick.
You hear some strange, mumbled words.
You are confused.
Something hits you!
* * * LOW HITPOINT WARNING * * *
You are lethally poisoned!
Drink which item? (? for menu, Esc to quit)
It was a potion of brilliance.
You feel clever all of a sudden.
* * * LOW HITPOINT WARNING * * *
You feel sick.
You're too confused to move!
* * * LOW HITPOINT WARNING * * *
You feel sick.
You hear some strange, mumbled words.
You are more confused.
Are you sure you want to abandon this character and quit the game? (Confirm with "yes".)

............... .........
###......#...#. ......?..
.............#.#.........
..........####..#.......#
..........#####.#.......#
##............#.#.......#
##............#.#{.......
.................%.......
†...............@........
.......................(.
..............###....?..#
.............. #.......#
...........######.......#
...........####.......#.#
..............#..........
....)....................
.....(..........#....#...


There were no monsters in sight!

Vanquished Creatures
  3 adders
  An ooze (D:2)
  2 giant geckos (D:1)
  7 bats
  8 goblins
  8 hobgoblins
  5 kobolds
  A quokka (D:2)
  2 ball pythons
  2 giant cockroaches (D:1)
  2 giant newts (D:1)
  8 rats
49 creatures vanquished.

Notes
Turn   | Place    | Note
--------------------------------------------------------------
     0 | D:1      | Ordine the High Elf Skald began the quest for the Orb.
     0 | D:1      | Reached XP level 1. HP: 14/14 MP: 4/4
   238 | D:1      | Reached XP level 2. HP: 17/20 MP: 6/6
   555 | D:1      | Reached XP level 3. HP: 9/26 MP: 2/7
   826 | D:1      | Learned a level 2 spell: Song of Slaying
   829 | D:1      | Learned a level 2 spell: Shroud of Golubria
  1422 | D:2      | Reached skill level 4 in Long Blades
  1425 | D:2      | Reached XP level 4. HP: 29/31 MP: 8/8
  1993 | D:2      | Noticed Sigmund
  2019 | D:2      | Quit the game

Vault maps used:
D:1:      dpeg_arrival_rooms_c
D:2:      nicolae_overflow_hidden_temple, uniq_sigmund

Action                   |  1- 3 |  4- 6 || total
-------------------------+-------+-------++-------
Melee: Falchion          |   114 |    36 ||   150
 Cast: Infusion          |     3 |     1 ||     4
  Use: Scroll            |     3 |     3 ||     6
       Potion            |       |     5 ||     5
  Eat: Chunk             |     2 |       ||     2
       Beef jerky        |       |     1 ||     1
